AoeStats
← RohrmansRohre GmbH

Hideout

509922096Analyzed
1v1 RM · 3d ago on Sep 28, 2026· 44m 56s· 2 players
Game mode
Random Map
Map size
Tiny (2 player)
Population
200
Speed
Normal
Resources
Standard
Victory
Conquest
Starting age
Dark Age
Ending age
Imperial Age
RankedLock teamsTeams togetherTeam positionsShared explorationLock speedFull tech treeHidden civsTurbo modeCheats
Victory
Defeat
🇺🇸 Teutons · United States
915
+17
🇩🇪 Japanese · Germany
926
-29
yC%N%9dMZFreaK&8$
6:55 Loom
9:52 Feudal Age
10:26 Double-Bit Axe
10:31 Horse Collar
20:02 Wheelbarrow
22:42 Castle Age
22:09 Gold Mining
23:10 Town Watch
23:44 Bow Saw
23:37 Heavy Plow
28:13 Imperial Age
26:37 Ballistics
27:19 Hand Cart
26:59 Fletching
27:49 Bodkin Arrow
30:04 Chemistry
34:42 Crop Rotation
36:14 Padded Archer Armor
39:22 Bloodlines
39:19 Scale Barding Armor
39:25 Forging
42:05 Chain Barding Armor
41:09 Cavalier
RohrmansRohre GmbH
6:33 Loom
12:02 Feudal Age
16:24 Castle Age
15:04 Man-at-Arms
17:30 Horse Collar
17:40 Double-Bit Axe
22:54 Wheelbarrow
23:20 Bow Saw
26:11 Heavy Plow
31:59 Imperial Age
29:04 Long Swordsman
29:33 Gambesons
29:50 Squires
30:46 Hand Cart
30:42 Town Watch
31:26 Gold Mining
31:16 Pikeman
32:04 Scale Mail Armor
31:41 Elite Skirmisher
32:49 Ballistics
33:58 Two-Man Saw
34:34 Masonry
34:06 Halberdier
34:07 Two-Handed Swordsman
35:33 Forging
36:47 Chemistry
36:02 Champion
36:51 Elite Samurai
38:12 Stone Mining
39:38 Siege Engineers
Connection lost

Rejoining the realm…

Still unreachable

The connection could not be restored.

Session expired

The server has moved on; the page needs a fresh start.